 Dungeon Crawl Stone Soup version 0.31-a0-640-g39d97e502b (webtiles) character file.

Game seed: 2949500602137773803

98 mopl the Insei (level 4, -3/29 HPs)
             Began as an Octopode Shapeshifter on Aug 28, 2023.
             Slain by an orc wizard
             ... wielding a +0 dagger
              (4 damage)
             ... on level 2 of the Dungeon.
             The game lasted 00:01:27 (1747 turns).

mopl the Insei (Octopode Shapeshifter)              Turns: 1747, Time: 00:01:28

Health: -3/29      AC:  1    Str: 13    XL:     4   Next: 71%
Magic:  4/4        EV: 13    Int: 12    God:
Gold:   81         SH:  5    Dex: 13    Spells: 3/3 levels left

rFire   . .          .
                       - Unarmed
rCold   . . .        (no shield)
rNeg    . . .        (helmet currently unavailable)
rPois   .            k - amulet of reflection
rElec   .            (no ring)
rCorr   .            (no ring)
SInv    .            (no ring)
Will    .....        (no ring)
Stlth   ++           (no ring)
HPRegen 0.24/turn    (no ring)
MPRegen 0.09/turn    (no ring)
                     (no ring)

%: reflection
@: beast-form
A: beast (slay +2), almost no armour, amphibious, 8 rings, camouflage 1,
gelatinous body 1, (nimble swimmer 1), tentacles
a: Begin Untransformation


You were on level 2 of the Dungeon.
You were a hulking beast.
You visited 1 branch of the dungeon, and saw 3 of its levels.

You collected 81 gold pieces.

Inventory:

Missiles
 f - 7 poisoned darts (quivered)
Jewellery
 k - an amulet of reflection (around mantle)
 o - a ring of flight
Talismans
 b - a beast talisman (active)
 c - a flux talisman
Scrolls
 e - 3 scrolls of identify {unknown}
 g - a scroll of enchant armour {unknown}
 i - a scroll of teleportation {unknown}
 q - a scroll of fear {unknown}
Potions
 a - a potion of lignification {!q}
 d - 2 potions of enlightenment {unknown}
 h - a potion of curing {unknown}
 j - a potion of degeneration {unknown}
 l - a potion of heal wounds {unknown}
 m - a potion of brilliance {unknown}
 n - a potion of haste {unknown}
 p - 2 potions of resistance {unknown}


   Skills:
 + Level 1.9 Fighting
 + Level 2.5 Dodging
 * Level 3.9 Unarmed Combat
 * Level 3.7 Shapeshifting


You had 3 spell levels left.
You didn't know any spells.
Your spell library contained the following spells:

 Spells                   Type           Power      Damage    Failure   Level
 Apportation              Tloc           0%         N/A       32%         1
 Necrotise                Necr           0%         1d4       32%         1
 Summon Small Mammal      Summ           0%         N/A       32%         1
 Ensorcelled Hibernation  Hex/Ice        0%         N/A       45%         2
 Passwall                 Tmut/Erth      0%         N/A       45%         2
 Swiftness                Air            0%         N/A       69%         3


Dungeon Overview and Level Annotations

Branches:
Dungeon (3/15)

Altars:


Innate Abilities, Weirdness & Mutations

You are a hulking beast.
Your limbs bulge with bestial killing power. (Slay +2)
You cannot wear most types of armour.
You are amphibious.
You can wear up to eight rings at the same time.
Your skin changes colour to match your surroundings (Stealth+).
Your rubbery body absorbs attacks. (AC +1, EV +1)
((You are camouflaged when in or above water. (Stealth+)))
You have tentacles for arms and can constrict up to eight enemies at once.


Message History

The adder bites you.
The orc wizard mumbles some strange words.
The orc wizard flickers and vanishes!
Deactivating autopickup; reactivate with Ctrl-A.
You climb upwards.
Reactivating autopickup.
There is a stone staircase leading down here.
You tentacle-slap the adder. You grab the adder. You squeeze the adder.
The adder is heavily wounded.
You constrict the adder. The adder closely misses you. Something hits you.
Deactivating autopickup; reactivate with Ctrl-A.
Unknown command.
You tentacle-slap the adder.
You kill the adder!
Something hits you.
Unknown command.
You miss something.
You hear some strange, mumbled words.
You are confused.
You bump into the rock wall.
Something hits you.
You bump into the rock wall.
You hear some strange, mumbled words.
Something tries to affect you, but you resist.
You tentacle-slap something but do no damage.
You hear some strange, mumbled words.
A puff of flame appears from out of thin air!
The puff of flame hits you!
You bump into the rock wall.
Something hits you.
You bump into the rock wall.
Something hits you.
You barely miss something.
You feel less confused.
You hear some strange, mumbled words.
A magic dart appears from out of thin air!
The magic dart hits you.
* * * LOW HITPOINT WARNING * * *
You tentacle-slap something but do no damage.
Something hits you.
* * * LOW HITPOINT WARNING * * *
You miss something. You squeeze something. Something hits you.
You die...

##### ....# ###.##
#..###########
#............#
#..#########.#
#..# #.#
###..#########.###
...............)h#
###..#####..##.#{#
.....##....###.#.#
####.#..#### #.#.#
## #.#.#######.#.#
.# #.............#
.####.########...#
.#...............#
.#.##.#..........#


There were no monsters in sight!

Vanquished Creatures
  An orc priest (D:2)
  Jessica (D:2)
  An adder (D:2)
  2 worms (D:2)
  An orc (D:2)
  2 ball pythons (D:1)
  3 bats (D:2)
  2 endoplasms
  A giant cockroach (D:2)
  3 goblins (D:2)
  A hobgoblin (D:1)
  3 jackals (D:1)
  A quokka (D:1)
  A frilled lizard (D:1)
  2 kobolds (D:1)
  6 rats
31 creatures vanquished.

Notes
Turn   | Place    | Note
-------+----------+-------------------------------------------
     0 | D:1      | mopl the Octopode Shapeshifter began the quest for the Orb.
     0 | D:1      | Reached XP level 1. HP: 13/13 MP: 1/1
   331 | D:1      | Reached XP level 2. HP: 17/18 MP: 2/2
  1407 | D:2      | Reached XP level 3. HP: 23/23 MP: 3/3
  1574 | D:2      | Noticed Jessica
  1580 | D:2      | Killed Jessica
  1581 | D:2      | Reached XP level 4. HP: 26/29 MP: 4/4
  1746 | D:2      | HP: 1/29 [something (4)]
  1747 | D:2      | Slain by an orc wizard

Illustrated notes

Levels and vault maps discovered:
D:1:      saegor_arrival_simple_b, layout_basic, grunt_decor_one_mirror
D:2:      layout_basic, uniq_jessica
D:3:      layout_loops_ring, mainiacjoe_overflow_cross_hatched, serial_shops,
          shop

Action                     |  1- 3 |  4- 6 || total
---------------------------+-------+-------++-------
  Melee: Unarmed           |    55 |    12 ||    67
         Constrict         |    10 |     4 ||    14
         Tentacles         |     8 |     5 ||    13
         Punch             |     2 |     1 ||     3
   Stab: Sleeping          |     3 |       ||     3
 Armour: Skin              |     2 |       ||     2
  Dodge: Dodged            |    24 |     6 ||    30
  Block: Other             |     6 |       ||     6

Table legend: (Time is in decaauts)
 A = Elapsed time spent in this place.
 B = Non-inter-level travel time spent in this place.
 C = Inter-level travel time spent in this place.
 D = Time resting spent in this place.
 E = Time spent auto-exploring this place.
 F = Levels seen in this place.
 G = Mean time per level.
                   A        B        C        D        E       F      G
               +--------+--------+--------+--------+--------+-----+--------+
         Total |   1742 |   1666 |     76 |      0 |   1449 |   3 |  580.7 |
       Dungeon |   1742 |   1666 |     76 |      0 |   1449 |   3 |  580.7 |
               +--------+--------+--------+--------+--------+-----+--------+

Top non-repeatable levels by time:
     D:1: 1065 daAuts
     D:2: 673 daAuts
     D:3: 4 daAuts
